 Dungeon Crawl Stone Soup version 0.30-a0-116-g3b1a8e4ee4 (webtiles) character file.

Game seed: 4514810885893606756

245 frimble the Shooter (level 5, 0/34 (41) HPs)
             Began as a Demonspawn Hexslinger on Sept 13, 2022.
             Slain by a wight
             ... wielding a +3 long sword of freezing
              (10 damage)
             ... on level 4 of the Dungeon.
             The game lasted 00:03:36 (3640 turns).

frimble the Shooter (Demonspawn Hexslinger)         Turns: 3640, Time: 00:03:37

HP:   0/34 (41)     AC:  3    Str: 10    XL:     5   Next: 84%
MP:   6/6           EV: 12    Int: 23    God:
Gold: 159           SH:  0    Dex: 13    Spells: 6/6 levels left

rFire   . . .      SeeInvis +    a - +1 sling
rCold   + . .      Faith    .    (no shield)
rNeg    . . .      Spirit   .    c - +0 robe
rPois   .          Reflect  .    j - +0 helmet {SInv}
rElec   .          Harm     .    (no cloak)
rCorr   .          Rampage  .    (no gloves)
Will    .....                    (no boots)
Stlth   ++........               (no amulet)
HPRegen 0.11/turn                (no ring)
MPRegen 0.10/turn                (no ring)

@: heavily drained
A: thin skeletal structure 1, powered by death 2, clever 2, cold resistance 1
a: no special abilities


You were on level 4 of the Dungeon.
You visited 1 branch of the dungeon, and saw 4 of its levels.

You collected 159 gold pieces.

Inventory:

Hand Weapons
 a - a +1 sling (weapon)
Armour
 c - a +0 robe (worn)
 j - a +0 helmet of see invisible (worn)
Jewellery
 m - an amulet of regeneration
 n - a ring of magical power
 o - a ring of wizardry
Scrolls
 f - a scroll of amnesia
Potions
 b - a potion of flight
 d - 2 potions of brilliance
 h - 3 potions of curing
 i - a potion of heal wounds


   Skills:
 + Level 3.5 Fighting
 - Level 4.4 Ranged Weapons
 - Level 1.9 Dodging
 - Level 1.2 Spellcasting
 - Level 3.1 Hexes


You had 6 spell levels left.
You didn't know any spells.
Your spell library contained the following spells:

 Spells                   Type           Power      Damage    Failure   Level
 Slow                     Hex            60%        N/A       3%          1
 Inner Flame              Hex/Fire       8%         N/A       22%         3
 Portal Projectile        Hex/Tloc       16%        N/A       22%         3
 Cause Fear               Hex            7%         N/A       36%         4


Dungeon Overview and Level Annotations

Branches:
Dungeon (4/15)
 Temple: D:4-7

Altars:
Hepliaklqana
Sif Muna

Annotations:
D:3 Grinder


Innate Abilities, Weirdness & Mutations

You have a somewhat thin skeletal structure. (Dex +2, Stealth+)
You regenerate health from kills.
Your mind is very acute. (Int +8, Str/Dex -2)
Your flesh is cold resistant. (rC+)


Message History

You feel much better.
The wight hits you with a +3 long sword of freezing!
The wight freezes you.
You aren't carrying any items that you can evoke.
Okay, then.
It was a potion of mutation.
You feel extremely strange.
You feel clever. x2; You feel resistant to cold.
The wight closely misses you.
Fire: a) +1 sling
Press: ? - help, Q - select action Shift-Dir - straight line, f/p - wight
Aim: a wight, wielding a +3 long sword of freezing and wearing a +0 robe (59% to hit)
You shoot a sling bullet.
The sling bullet hits the wight but does no damage.
The wight misses you.
Press: ? - help, v - describe, . - travel
Here: a wight, wielding a +3 long sword of freezing and wearing a +0 robe The floor.
Unknown command.
You aren't carrying any items that you can evoke.
Okay, then.
Okay, then.
You don't know any spells.
Unknown command.
You shoot a sling bullet. The sling bullet hits the wight.
The wight is lightly damaged.
The wight closely misses you.
You shoot a sling bullet.
The sling bullet barely misses the wight.
The wight misses you.
You shoot a sling bullet.
The sling bullet hits the wight but does no damage.
The wight is lightly damaged.
The wight hits you with a +3 long sword of freezing!
You feel drained.
* * * LOW HITPOINT WARNING * * *
You shoot a sling bullet.
The sling bullet barely misses the wight.
The wight barely misses you.
The wight hits you with a +3 long sword of freezing!
You die...

#...............##
#.
##...............#
##
#...............#
#
##....####.#...##
# ######.)..#..##
#.........#.##
#....########
#.####....
#.@z......
#....####. ######


You could see a wight.

Vanquished Creatures
  A howler monkey (D:4)
  A hound (D:4)
  2 orc priests (D:2)
  An iguana (D:4)
  4 gnolls (D:2)
  An adder (D:4)
  An ufetubus (D:4)
  4 orcs (D:2)
  4 ball pythons
  2 endoplasms
  2 giant cockroaches
  2 goblins
  3 hobgoblins (D:4)
  2 quokkas
  4 bats
  3 frilled lizards (D:1)
  5 kobolds (D:1)
  4 rats
46 creatures vanquished.

Vanquished Creatures (others)
  12 plants (D:1)
12 creatures vanquished.

Grand Total: 58 creatures vanquished

Notes
Turn   | Place    | Note
-------+----------+-------------------------------------------
     0 | D:1      | frimble the Demonspawn Hexslinger began the quest for the
                  | Orb.
     0 | D:1      | Reached XP level 1. HP: 15/15 MP: 2/2
   555 | D:1      | Gained mutation: You have a somewhat thin skeletal
                  | structure. (Dex +2, Stealth+) [demonic ancestry]
   555 | D:1      | Reached XP level 2. HP: 19/21 MP: 3/3
   573 | D:1      | Reached skill level 2 in Ranged Weapons
   638 | D:1      | Found a faded altar of an unknown god.
  1707 | D:2      | Reached skill level 3 in Ranged Weapons
  1707 | D:2      | Gained mutation: You regenerate a little health from kills.
                  | [demonic ancestry]
  1707 | D:2      | Reached XP level 3. HP: 15/26 MP: 4/4
  1710 | D:2      | Gained mutation: You regenerate health from kills. [demonic
                  | ancestry]
  1710 | D:2      | Reached XP level 4. HP: 4/32 MP: 5/5
  2299 | D:2      | Reached skill level 4 in Ranged Weapons
  2702 | D:3      | Found a shimmering blue altar of Sif Muna.
  2766 | D:3      | Noticed Grinder
  2914 | D:4      | Reached XP level 5. HP: 11/38 MP: 6/6
  3402 | D:4      | Found a hazy altar of Hepliaklqana.
  3631 | D:4      | HP: 1/36 [wight/+3 long sword of freezing (1)]
  3635 | D:4      | Gained mutation: Your mind is acute. (Int +4, Str/Dex -1)
                  | [potion of mutation]
  3635 | D:4      | Gained mutation: Your mind is very acute. (Int +8, Str/Dex
                  | -2) [potion of mutation]
  3635 | D:4      | Gained mutation: Your flesh is cold resistant. (rC+)
                  | [potion of mutation]
  3640 | D:4      | Slain by a wight

Illustrated notes

Levels and vault maps discovered:
D:1:      roderic_crop_circles_arrival_small, layout_loops_ring,
          hellmonk_ecumenical_altar_blasted, lexackson_kobold_supper
D:2:      cheibrodos_pilgrimage, layout_loops_corners
D:3:      minmay_chambers_of_twos, layout_loops_cross, lemuel_tele_altar,
          uniq_grinder
D:4:      minmay_angry_zag, layout_cave_pods, marbit_many_paths, uniq_natasha

Skill      XL: |  1  2  3  4  5 |
---------------+----------------+-----
Ranged Weapons | 3 4 |  4.4
Fighting       | 2 3 |  3.5
Dodging        | |  1.9
Spellcasting   | |  1.2
Hexes          | |  3.1

Action                   |  1- 3 |  4- 6 || total
-------------------------+-------+-------++-------
Melee: Unarmed           |    16 |     9 ||    25
 Fire: Sling             |    80 |    96 ||   176
  Use: Scroll            |     3 |     5 ||     8
       Potion            |       |     7 ||     7
Armor: Robe              |     9 |    16 ||    25
       Skin              |       |    21 ||    21
Dodge: Dodged            |    21 |    25 ||    46

Table legend: (Time is in decaauts)
 A = Elapsed time spent in this place.
 B = Non-inter-level travel time spent in this place.
 C = Inter-level travel time spent in this place.
 D = Time resting spent in this place.
 E = Time spent auto-exploring this place.
 F = Levels seen in this place.
 G = Mean time per level.
                   A        B        C        D        E       F      G
               +--------+--------+--------+--------+--------+-----+--------+
         Total |   3678 |   3474 |    204 |    273 |   2820 |   4 |  919.5 |
       Dungeon |   3678 |   3474 |    204 |    273 |   2820 |   4 |  919.5 |
               +--------+--------+--------+--------+--------+-----+--------+

Top non-repeatable levels by time:
     D:1: 1409 daAuts
     D:2: 1355 daAuts
     D:4: 767 daAuts
     D:3: 146 daAuts
